details: '2v2 in 4v4 sleek'

« prev index next »

General information

Mini Map

Players

team 1
NightElfBlizAnigMofo (orange | 0 APM | 0 actions | 00:04)
Random» NightElfantics (red | 40 APM | 279 actions | 06:59)
Hero icon 1 Tauren Chieftain
Ability icon 1 Endurance Aura
Hero icon 1 Paladin
Ability icon 1 Devotion Aura

» actions
Basic commands3
Build / train37
Enter build submenu19
Enter hero's abilities submenu2
Remove unit from queue1
Right click80
Select / deselect117
Use ability20
279 total
» units
Wisp3
Peasant10
Peon7
Grunt6
Troll Headhunter/Berserker1
27 total
» upgrades
Armor1
Melee Weapons1
Lumber Harvesting1
3 total
» buildings
Altar of Storms1
Orc Burrow4
Barracks2
Altar of Kings1
Farm6
War Mill1
Keep1
Stronghold1
Lumber Mill1
Blacksmith1
Arcane Sanctum2
21 total
» build order
00:45 Altar of Storms
00:49 Orc Burrow
00:55 Barracks
01:13 Barracks
01:20 Altar of Kings
01:24 Farm
01:42 Orc Burrow
02:18 Farm
02:37 Orc Burrow
02:47 War Mill
02:59 Farm
03:43 Keep
03:57 Orc Burrow
04:03 Stronghold
05:13 Farm
05:17 Lumber Mill
05:19 Blacksmith
05:55 Farm
06:15 Arcane Sanctum
06:20 Arcane Sanctum
06:38 Farm
OrcLazyass2 (yellow | 0 APM | 0 actions | 07:05)
Random» NightElfTHEYCALLMEGREAT (blue | 57 APM | 403 actions | 07:03)
Hero icon 1 Paladin
Ability icon 1 Holy Light
Hero icon 1 Keeper of the Grove
Ability icon 1 Entangling Roots

» actions
Basic commands2
Build / train55
Enter build submenu28
Enter hero's abilities submenu2
Remove unit from queue1
Right click135
Select / deselect143
Use ability37
403 total
» units
Wisp21
Peasant10
Footman7
Archer3
Huntress5
Rifleman2
48 total
» buildings
Altar of Kings1
Farm4
Moon Well5
Altar of Elders1
Barracks3
Ancient of War2
Hunter's Hall1
Lumber Mill1
Blacksmith1
Ancient Protector2
Scout Tower4
Guard Tower2
27 total
» build order
00:19 Altar of Kings
00:22 Farm
00:24 Farm
00:34 Moon Well
00:49 Altar of Elders
01:08 Barracks
01:11 Barracks
01:20 Ancient of War
01:42 Farm
01:50 Moon Well
02:15 Farm
02:31 Moon Well
02:56 Hunter's Hall
03:55 Ancient of War
04:00 Moon Well
04:05 Lumber Mill
04:07 Blacksmith
04:16 Ancient Protector
04:21 Moon Well
04:26 Barracks
04:55 Scout Tower
04:56 Scout Tower
04:58 Scout Tower
05:09 Ancient Protector
05:48 Scout Tower
06:31 Guard Tower
06:32 Guard Tower
team 2
Random» NightElfsc2no.wc4yes (green | 96 APM | 684 actions | 07:05)
Hero icon 1 Priestess of the Moon
Ability icon 1 Trueshot Aura
Hero icon 1 Keeper of the Grove
Ability icon 1 Entangling Roots

» actions
Assign group hotkey36
Basic commands38
Build / train38
Enter build submenu23
Enter hero's abilities submenu2
Right click210
Select / deselect137
Select group hotkey164
Use ability36
684 total
» units
Wisp17
Peasant2
Huntress9
Rifleman3
Archer1
32 total
» buildings
Altar of Elders1
Moon Well10
Altar of Kings1
Farm3
Hunter's Hall2
Ancient of War4
Keep2
23 total
» build order
00:14 Altar of Elders
00:17 Moon Well
00:23 Moon Well
00:34 Altar of Kings
00:35 Farm
01:41 Hunter's Hall
01:46 Hunter's Hall
01:47 Ancient of War
01:49 Ancient of War
01:58 Ancient of War
02:07 Ancient of War
02:30 Moon Well
02:33 Moon Well
02:36 Moon Well
02:36 Moon Well
02:43 Farm
03:34 Moon Well
03:36 Moon Well
04:00 Farm
05:44 Keep
05:44 Keep
05:52 Moon Well
05:55 Moon Well
Orcdeath_king77 (teal | 53 APM | 376 actions | 07:03)
Hero icon 2 Blademaster
Ability icon 1 Critical Strike
Ability icon 1 Wind Walk
Hero icon 2 Mountain King
Ability icon 1 Storm Bolt
Ability icon 1 Bash
Hero icon 1 Keeper of the Grove
Ability icon 1 Thorns Aura

» actions
Assign group hotkey1
Basic commands68
Build / train33
ESC pressed1
Enter build submenu13
Enter hero's abilities submenu5
Right click88
Select / deselect129
Select group hotkey21
Use ability17
376 total
» units
Peon7
Peasant5
Grunt4
Rifleman4
20 total
» upgrades
Gunpowder1
Armor1
2 total
» buildings
Altar of Storms1
Orc Burrow3
Barracks3
Farm3
Blacksmith1
Stronghold1
War Mill1
Fortress1
Spirit Lodge1
15 total
» build order
00:08 Altar of Storms
00:12 Orc Burrow
00:32 Barracks
01:05 Barracks
01:41 Farm
01:48 Orc Burrow
01:59 Blacksmith
03:14 Barracks
03:48 Stronghold
03:59 Farm
05:42 Orc Burrow
05:49 War Mill
05:59 Farm
06:15 Fortress
06:20 Spirit Lodge
Humani.suxx (pink | 20 APM | 8 actions | 00:23)

» actions
Build / train3
Right click2
Select / deselect3
8 total
» units
Peasant3
3 total
NightElfMadbusdriver (purple | 69 APM | 15 actions | 00:13)

» actions
Build / train1
Enter build submenu1
Right click4
Select / deselect7
Use ability2
15 total
» units
Wisp1
1 total
» buildings
Altar of Elders1
1 total
» build order
00:10 Altar of Elders

Chat log

(00:09 / All) sc2no.wc4yes: can u control 4 bases?
(00:10 / All) i.suxx: ?
(00:26 / All) sc2no.wc4yes: lol@
(00:40 / Allies) death_king77: ill take pink
(00:41 / Allies) sc2no.wc4yes: mass tier 1 ranged
(00:43 / Allies) death_king77: u take purp
(00:46 / Allies) death_king77: done
(00:47 / Allies) sc2no.wc4yes: habve him mass rifle
(00:52 / Allies) sc2no.wc4yes: im going doubel hunt down here
(00:53 / Allies) death_king77: k

(04:07 / Allies) death_king77: im comin
(04:28 / Allies) sc2no.wc4yes: coem due
(05:04 / Allies) death_king77: nm
(05:36 / Allies) death_king77: k
(05:38 / Allies) sc2no.wc4yes: make him walk